[Event "Titled Tuesday Blitz February 14 Late 2023"]
[White "Bolourchifard, Farzad"]
[Black "Kostiukov, Alexandr"]
[WhiteFideId "12510084"]
[BlackFideId "14108100"]
[WhiteElo "2292"]
[BlackElo "2271"]
[Result "1-0"]
[Round "05"]
[TimeControl "180+2"]
[Date "2023.02.14"]
[WhiteClock "0:01:39"]
[BlackClock "0:00:55"]

1. e4 c5 2. Nc3 g6 3. g3 Bg7 4. Bg2 Nc6 5. d3 d6 6. Be3 e5 7. h3 Nge7 8. Nge2 Nd4 9. O-O O-O 10. f4 f5 11. Nd5 Nxd5 12. exd5 Nxe2+ 13. Qxe2 exf4 14. Bxf4 Bxb2 15. Rab1 Bd4+ 16. Kh2 Re8 17. Qd2 Qf6 18. Bg5 Qg7 19. Bh6 Qf6 20. Rfe1 Rxe1 21. Rxe1 Bd7 22. Bg5 Bc3 23. Bxf6 Bxd2 24. Re7 Ba4 25. Rxb7 Bxc2 26. Rb2 Bxd3 27. Rxd2 c4 28. Kg1 Rb8 29. Bb2 Rb5 30. Kf2 Ra5 31. Bc3 Rb5 32. Rb2 a6 33. Rxb5 axb5 34. Bb4 1-0


[Site "https://www.chess.com"]

[Event "Titled Tuesday Blitz February 14 Late 2023"]
[White "Perske, Thore"]
[Black "Kaplan, Avi Harrison"]
[WhiteFideId "12902195"]
[BlackFideId "30934559"]
[WhiteElo "2448"]
[BlackElo "2146"]
[Result "1-0"]
[Round "05"]
[TimeControl "180+2"]
[Date "2023.02.14"]
[WhiteClock "0:00:14"]
[BlackClock "0:00:13"]

1. e4 Nc6 2. Nf3 g6 3. d4 Bg7 4. d5 Ne5 5. Nxe5 Bxe5 6. h4 h6 7. f4 Bg7 8. Nc3 d6 9. h5 gxh5 10. Qxh5 Nf6 11. Qh4 c6 12. dxc6 bxc6 13. Bd3 Qb6 14. Qf2 Ng4 15. Qxb6 axb6 16. a4 Ba6 17. Ke2 Kd7 18. Rh4 h5 19. Bd2 Bf6 20. Rh3 Bd4 21. Nd1 Rhg8 22. Bxa6 Rxa6 23. c3 Bf6 24. Rxh5 Rga8 25. a5 bxa5 26. Kf3 Rg8 27. Ne3 Nxe3 28. Bxe3 Rb8 29. Ra2 a4 30. g4 a3 31. bxa3 Bxc3 32. a4 Rb3 33. Ke2 Rb2+ 34. Rxb2 Bxb2 35. a5 c5 36. Rh7 f6 37. f5 Rxa5 38. Bh6 Ra8 39. g5 fxg5 40. Bxg5 Re8 41. f6 Ke6 42. f7 Rb8 43. Bh6 Bf6 44. f8=Q Rxf8 45. Bxf8 Ke5 46. Kf3 Ke6 47. Kg4 Kd7 48. Kf5 c4 49. Bg7 Bxg7 50. Rxg7 c3 51. Rg3 e6+ 52. Kf4 e5+ 53. Kf5 d5 54. Rxc3 d4 55. Rd3 Kd6 56. Kf6 Kc5 57. Kxe5 Kc4 58. Rxd4+ Kc5 59. Rd5+ Kc4 60. Kd6 Kc3 61. e5 Kc4 62. e6 Kc3 63. e7 Kc4 64. e8=Q Kc3 65. Qe3+ Kc4 66. Qe4+ Kb3 67. Rd3+ Kb2 68. Qe2+ Kb1 69. Rd1# 1-0


[Site "https://www.chess.com"]

[Event "Titled Tuesday Blitz February 14 Late 2023"]
[White "Salimova, Nurgyul"]
[Black "Reprintsev, Alexander"]
[WhiteFideId "2915138"]
[BlackFideId "14100541"]
[WhiteElo "2391"]
[BlackElo "2253"]
[Result "1-0"]
[Round "05"]
[TimeControl "180+2"]
[Date "2023.02.14"]
[WhiteClock "0:00:08"]
[BlackClock "0:00:15"]

1. e4 d5 2. exd5 Qxd5 3. Nc3 Qa5 4. d4 Nf6 5. Nf3 Nc6 6. h3 Ne4 7. Bd3 Nxc3 8. bxc3 e5 9. O-O Bd6 10. dxe5 Nxe5 11. Nxe5 Bxe5 12. Re1 Be6 13. Rb1 Bxc3 14. Rb5 Bxe1 15. Rxa5 Bxa5 16. Bg5 Bc3 17. Qf3 c6 18. Ba6 O-O 19. Bxb7 Rab8 20. Qxc3 Rxb7 21. Qxc6 Rb1+ 22. Kh2 a5 23. a3 h6 24. Be3 Rbb8 25. Qe4 Rbc8 26. Bd4 Rfd8 27. c3 Rd5 28. g4 Rcd8 29. f4 Bc8 30. f5 Bb7 31. Qe7 R5d7 32. Qe5 Bd5 33. Qxg7# 1-0


[Site "https://www.chess.com"]

[Event "Titled Tuesday Blitz February 14 Late 2023"]
[White "Girsh, Daniel"]
[Black "Gallo Garcia, Kemel Antonio"]
[WhiteFideId "30949190"]
[BlackFideId "3523896"]
[WhiteElo "2123"]
[BlackElo "2350"]
[Result "1/2-1/2"]
[Round "05"]
[TimeControl "180+2"]
[Date "2023.02.14"]
[WhiteClock "0:01:37"]
[BlackClock "0:01:47"]

1. e4 c5 2. Nf3 d6 3. d4 cxd4 4. Nxd4 Nf6 5. Nc3 g6 6. g3 Nc6 7. Bg2 Nxd4 8. Qxd4 Bg7 9. O-O O-O 10. Bg5 h6 11. Bxf6 Bxf6 12. Qd3 Be6 13. Rad1 Qa5 14. Qe3 Rac8 15. Qxh6 Bxc3 16. bxc3 Qxc3 17. Rfe1 Qxc2 18. e5 dxe5 19. Be4 Qxa2 20. Bxg6 fxg6 21. Qxg6+ Kh8 22. Qh6+ Kg8 23. Qg6+ Kh8 24. Qh6+ Kg8 25. Qg6+ 1/2-1/2


[Site "https://www.chess.com"]

[Event "Titled Tuesday Blitz February 14 Late 2023"]
[White "Strahov, Andrej"]
[Black "Martinez Ramirez, Lennis"]
[WhiteFideId "4165489"]
[BlackFideId "3509079"]
[WhiteElo "2398"]
[BlackElo "2426"]
[Result "1-0"]
[Round "05"]
[TimeControl "180+2"]
[Date "2023.02.14"]
[WhiteClock "0:00:34"]
[BlackClock "0:00:25"]

1. e4 c5 2. Nf3 d6 3. d4 cxd4 4. Nxd4 Nf6 5. Nc3 a6 6. Be2 e5 7. Nb3 Be7 8. Bg5 Be6 9. O-O Nbd7 10. a4 Rc8 11. Be3 Rxc3 12. bxc3 Nxe4 13. Qd3 f5 14. c4 Qc7 15. f3 Nef6 16. Qc3 O-O 17. Qa5 Qc6 18. c5 dxc5 19. Rab1 f4 20. Bf2 e4 21. fxe4 Nxe4 22. Bf3 Bd5 23. Rbd1 Ndf6 24. Rfe1 Nxf2 25. Kxf2 Ne4+ 26. Kg1 b6 27. Qxa6 Bh4 28. Re2 Nc3 29. Bxd5+ Nxd5 30. Qc4 Rf5 31. Nd4 f3 32. Nxc6 fxe2 33. Qxe2 Nc3 34. Qc4+ Nd5 35. Rxd5 Bf2+ 36. Kh1 Rf8 37. Rf5+ 1-0


[Site "https://www.chess.com"]

[Event "Titled Tuesday Blitz February 14 Late 2023"]
[White "Korchmar, Vasiliy"]
[Black "Hajiyev, Kanan"]
[WhiteFideId "24131750"]
[BlackFideId "13404148"]
[WhiteElo "2438"]
[BlackElo "2197"]
[Result "1-0"]
[Round "05"]
[TimeControl "180+2"]
[Date "2023.02.14"]
[WhiteClock "0:00:06"]
[BlackClock "0:00:02"]

1. e4 c6 2. d4 d5 3. e5 a6 4. Nd2 Bf5 5. Nb3 e6 6. Nf3 c5 7. dxc5 Bxc5 8. Nxc5 Qa5+ 9. c3 Qxc5 10. Nd4 Bg6 11. h4 h5 12. Bd3 Ne7 13. Bg5 Bxd3 14. Qxd3 Nbc6 15. f4 Nxd4 16. Bxe7 Kxe7 17. cxd4 Qb4+ 18. Qd2 a5 19. Rh3 Rac8 20. Rb3 Qxd2+ 21. Kxd2 Rc7 22. Rb5 Rhc8 23. Kd3 a4 24. Rd1 Ra8 25. a3 Ra6 26. Rd2 Kd7 27. Rc2 Rxc2 28. Kxc2 Kc7 29. Kd3 Rc6 30. Rb4 Ra6 31. g3 Kc6 32. Ke3 b5 33. Kd3 Kb6 34. Kc3 Ra7 35. b3 axb3 36. Kxb3 Rc7 37. a4 Rc1 38. Rxb5+ Kc6 39. Ra5 Kb6 40. Ra8 Rc4 41. Rf8 Rxd4 42. Rxf7 Rd3+ 43. Kb4 Rxg3 44. a5+ Ka6 45. Re7 Rf3 46. Rxe6+ Ka7 47. Re7+ Ka6 48. Rf7 g6 49. e6 Re3 50. e7 d4 51. Kc4 d3 52. Kc3 Kxa5 53. Kd2 Re6 54. Kxd3 Kb5 55. Rg7 Kc5 56. Rxg6 Rxe7 57. Rg5+ Kd6 58. Rxh5 Re1 59. Ra5 Ke6 60. h5 Kf6 61. Rb5 1-0


[Site "https://www.chess.com"]

[Event "Titled Tuesday Blitz February 14 Late 2023"]
[White "benny_aizenberg"]
[Black "Papasimakopoulos, Alexandros"]
[BlackFideId "4244125"]
[WhiteElo "2558"]
[BlackElo "2401"]
[Result "1-0"]
[Round "05"]
[TimeControl "180+2"]
[Date "2023.02.14"]
[WhiteClock "0:00:12"]
[BlackClock "0:00:01"]

1. Nf3 f5 2. d3 Nc6 3. e4 e5 4. Nc3 Nf6 5. Bg5 Bb4 6. Nd2 Bxc3 7. bxc3 d6 8. Be2 h6 9. Bh5+ Kf8 10. Bxf6 Qxf6 11. exf5 Bxf5 12. O-O g6 13. Bg4 Kg7 14. Rb1 b6 15. Bf3 Bd7 16. Bd5 Raf8 17. Ne4 Qh4 18. Ng3 Ne7 19. Rb4 Rf4 20. Be4 d5 21. Bf3 Rxb4 22. cxb4 Qxb4 23. Re1 Qd4 24. Ne2 Qh4 25. Nc3 d4 26. Ne4 Nf5 27. Bg4 Re8 28. Bxf5 gxf5 29. Ng3 c5 30. Qf3 f4 31. Nf1 Re7 32. Nd2 Qg4 33. Qa8 Bf5 34. Nf3 Bg6 35. Qd8 Qd7 36. Qxd7 Rxd7 37. Rxe5 Rc7 38. Nd2 b5 39. g3 fxg3 40. hxg3 c4 41. Rxb5 cxd3 42. cxd3 Bxd3 43. Rd5 Rc2 44. Nb3 Rxa2 45. Rxd4 Be2 46. Kg2 1-0


[Site "https://www.chess.com"]

[Event "Titled Tuesday Blitz February 14 Late 2023"]
[White "Firat, Burak"]
[Black "Ehlvest, Jaan"]
[WhiteFideId "6305881"]
[BlackFideId "4500016"]
[WhiteElo "2456"]
[BlackElo "2530"]
[Result "1-0"]
[Round "05"]
[TimeControl "180+2"]
[Date "2023.02.14"]
[WhiteClock "0:00:07"]
[BlackClock "0:00:02"]

1. Nf3 d5 2. c4 e6 3. g3 Nf6 4. Bg2 dxc4 5. Qa4+ Nbd7 6. Qxc4 c5 7. Qc2 Rb8 8. d4 cxd4 9. O-O Bc5 10. Bf4 Ra8 11. Ne5 O-O 12. Nd2 Bb6 13. Ndc4 Nd5 14. Rfd1 Nxf4 15. gxf4 Nxe5 16. fxe5 Qg5 17. Qe4 Bd7 18. Qxb7 Bb5 19. Nxb6 axb6 20. Qe4 Rad8 21. Rac1 d3 22. e3 d2 23. Ra1 Be2 24. Qf4 Qh5 25. f3 Rd3 26. Bf1 Bxf3 27. Bxd3 Bxd1 28. e4 Bf3 29. Qxd2 Qg4+ 30. Kf1 f6 31. Qe3 fxe5 32. Ke1 Qh4+ 33. Kd2 Qxh2+ 34. Kc3 Bh5 35. Rf1 Rc8+ 36. Kb3 Bg6 37. Rc1 Rd8 38. Bc4 Kh8 39. Bxe6 h6 40. a4 Qg2 41. Bd5 Rf8 42. Rc3 Qf1 43. Bc4 Qd1+ 44. Ka3 Qd6+ 45. b4 Ra8 46. Bb5 Rd8 47. Rd3 Qe7 48. Rxd8+ Qxd8 49. Qd3 Qc7 50. Qc4 Qxc4 51. Bxc4 Bxe4 52. a5 h5 53. a6 h4 54. Be6 g5 55. Bc8 Kg7 56. Bb7 1-0


[Site "https://www.chess.com"]

[Event "Titled Tuesday Blitz February 14 Late 2023"]
[White "Gascon Del Nogal, Jose Rafael"]
[Black "ArchibaldCerveza29"]
[WhiteFideId "3902463"]
[WhiteElo "2459"]
[BlackElo "2469"]
[Result "1-0"]
[Round "05"]
[TimeControl "180+2"]
[Date "2023.02.14"]
[WhiteClock "0:00:17"]
[BlackClock "0:00:02"]

1. e4 e5 2. Nf3 Nc6 3. Bc4 Nf6 4. d3 Be7 5. O-O O-O 6. Re1 d6 7. a4 Na5 8. Ba2 c5 9. Na3 Nc6 10. c3 a6 11. Bd2 Rb8 12. Nc2 b5 13. axb5 axb5 14. Ne3 b4 15. Bc4 Na5 16. Bd5 bxc3 17. bxc3 Nxd5 18. Nxd5 Nc6 19. Be3 Be6 20. Ra6 Rc8 21. Qa4 Nb8 22. Ra7 Bxd5 23. exd5 f5 24. Rb1 Rc7 25. Rbb7 Rxb7 26. Rxb7 Bf6 27. Qa7 Qc8 28. Bg5 Nd7 29. Rxd7 1-0


[Site "https://www.chess.com"]

[Event "Titled Tuesday Blitz February 14 Late 2023"]
[White "Erdogan, Anil Berk"]
[Black "Cuenca Jimenez, Jose Fernando"]
[WhiteFideId "6348173"]
[BlackFideId "2255570"]
[WhiteElo "2091"]
[BlackElo "2535"]
[Result "1-0"]
[Round "05"]
[TimeControl "180+2"]
[Date "2023.02.14"]
[WhiteClock "0:00:09"]
[BlackClock "0:01:23"]

1. e4 c5 2. Nf3 Nc6 3. d4 cxd4 4. Nxd4 e5 5. Nb5 d6 6. N1c3 a6 7. Na3 Be7 8. Nd5 Nf6 9. Nxf6+ Bxf6 10. Bc4 O-O 11. O-O Be6 12. Be3 b5 13. Bd5 Rc8 14. c4 b4 15. Nc2 a5 16. b3 Ne7 17. a3 bxa3 18. Rxa3 Nxd5 19. exd5 Bf5 20. Qd2 Rb8 21. f4 Qd7 22. fxe5 Bxe5 23. Nd4 Bxd4 24. Bxd4 Rfe8 25. Qc3 f6 26. Rxa5 Rb7 27. Qg3 Bg6 28. Ra6 Rd8 29. Re1 Bc2 30. Bxf6 Qf7 31. Bxd8 Rxb3 32. Qf2 Qd7 33. Rxd6 Qa4 34. Bb6 h6 35. Rd8+ Kh7 36. Bd4 Qxc4 37. Rd7 Kg6 38. Rxg7+ Kh5 39. Qe2+ Qxe2 40. Rxe2 Bd3 41. Re5+ Kh4 42. g3+ Kh3 43. Rh5# 1-0


[Site "https://www.chess.com"]

[Event "Titled Tuesday Blitz February 14 Late 2023"]
[White "Kavutskiy, Konstantin"]
[Black "Haydon, David L"]
[WhiteFideId "2026384"]
[BlackFideId "415405"]
[WhiteElo "2414"]
[BlackElo "2253"]
[Result "1-0"]
[Round "05"]
[TimeControl "180+2"]
[Date "2023.02.14"]
[WhiteClock "0:01:32"]
[BlackClock "0:02:21"]

1. d4 Nf6 2. Bg5 e6 3. Nd2 d5 4. e3 Be7 5. Bd3 Nbd7 6. c3 b6 7. f4 Bb7 8. Ngf3 O-O 9. O-O Ng4 10. Bxe7 Qxe7 11. Bxh7+ Kxh7 12. Ng5+ Kg8 13. Qxg4 Nf6 14. Qh4 g6 15. Qh6 Rfe8 16. Ndf3 Qf8 17. Qh4 Qg7 18. Ne5 Re7 19. Rf3 Nd7 20. Nxd7 Rxd7 21. Rh3 Re8 22. Nh7 1-0


[Site "https://www.chess.com"]

[Event "Titled Tuesday Blitz February 14 Late 2023"]
[White "Cruz, Jonathan"]
[Black "Taboas Rodriguez, Daniel"]
[WhiteFideId "3802124"]
[BlackFideId "2208466"]
[WhiteElo "2328"]
[BlackElo "2371"]
[Result "1-0"]
[Round "05"]
[TimeControl "180+2"]
[Date "2023.02.14"]
[WhiteClock "0:00:05"]
[BlackClock "0:00:24"]

1. e4 e5 2. f4 Nc6 3. Nf3 f5 4. d4 fxe4 5. Nxe5 Nf6 6. d5 Ne7 7. Bc4 d6 8. Bb5+ c6 9. dxc6 bxc6 10. Nxc6 Qb6 11. Nxa7+ Kf7 12. Nxc8 Rxc8 13. a4 Nf5 14. Nc3 Rxc3 15. bxc3 d5 16. g3 Bc5 17. Kf1 h5 18. Qe2 Ng4 19. Bd2 Nfe3+ 20. Bxe3 Nxe3+ 21. Ke1 Nf5 22. Rd1 Rd8 23. Qxh5+ g6 24. Qh7+ Kf6 25. Rd2 Be3 26. Re2 Qc5 27. Kf1 Qxc3 28. Kg2 Bc5 29. Rf1 Ne3+ 30. Rxe3 Qxe3 31. Qh4+ Kg7 32. Qxd8 Qd2+ 33. Kh3 Qxc2 34. Qc7+ Kh6 35. Qe5 Kh7 36. f5 e3 37. fxg6+ Qxg6 38. Qf5 d4 39. Qxg6+ Kxg6 40. Bd3+ Kg7 41. Be2 Bb4 42. Kg4 Kg6 43. Kf4 Bc3 44. Ke4 1-0


[Site "https://www.chess.com"]

[Event "Titled Tuesday Blitz February 14 Late 2023"]
[White "reevecanada"]
[Black "Risteski, Emil"]
[BlackFideId "15005267"]
[WhiteElo "2466"]
[BlackElo "2366"]
[Result "1-0"]
[Round "05"]
[TimeControl "180+2"]
[Date "2023.02.14"]
[WhiteClock "0:02:10"]
[BlackClock "0:01:28"]

1. e4 d6 2. d4 Nf6 3. f3 e5 4. d5 c6 5. c4 Be7 6. b3 O-O 7. Be3 Nh5 8. Bd3 Nf4 9. g3 Nxd3+ 10. Qxd3 f5 11. Nc3 a5 12. Na4 fxe4 13. fxe4 Bg4 14. h3 Bh5 15. g4 Bh4+ 16. Kd2 Bg6 17. Ne2 c5 18. Rhf1 Nd7 19. Nac3 Qe7 20. Kc2 Rae8 21. Bd2 Nb8 22. Ng3 Na6 23. a3 Bxg3 24. Qxg3 Nc7 25. h4 h6 26. h5 Bh7 27. g5 hxg5 28. Bxg5 Qd7 29. h6 b5 30. hxg7 Rxf1 31. Rxf1 b4 32. Bh6 1-0


[Site "https://www.chess.com"]

[Event "Titled Tuesday Blitz February 14 Late 2023"]
[White "Han, Yichen"]
[Black "Buchenau, Frank"]
[WhiteFideId "1054430"]
[BlackFideId "4604350"]
[WhiteElo "2413"]
[BlackElo "2222"]
[Result "1-0"]
[Round "05"]
[TimeControl "180+2"]
[Date "2023.02.14"]
[WhiteClock "0:00:05"]
[BlackClock "0:00:01"]

1. Nf3 Nf6 2. g3 b6 3. Bg2 Bb7 4. O-O e6 5. c4 Be7 6. b3 O-O 7. Bb2 c5 8. Nc3 d6 9. Re1 Ne4 10. Nxe4 Bxe4 11. d3 Bb7 12. e4 e5 13. Nd2 Nc6 14. Nf1 Nd4 15. Ne3 b5 16. Rf1 bxc4 17. dxc4 Bg5 18. Nd5 f5 19. exf5 Rxf5 20. f4 Bh6 21. fxe5 Rxe5 22. Bxd4 cxd4 23. Qxd4 Qd7 24. Rae1 Rae8 25. Rxe5 Rxe5 26. Qxa7 Bg5 27. Qb8+ Re8 28. Qxb7 Qxb7 29. Nf6+ Bxf6 30. Bxb7 Bd4+ 31. Kg2 Re2+ 32. Kh3 h5 33. Bd5+ Kh7 34. a4 g5 35. g4 h4 36. Bg2 Rb2 37. Rf3 Be5 38. Rd3 Kg6 39. Re3 Kf6 40. Rd3 Ke6 41. a5 Ra2 42. b4 Ra4 43. Rb3 Kd7 44. Bd5 Kc7 45. Kg2 Ra2+ 46. Kf1 Rxh2 47. b5 Ra2 48. a6 Kb6 49. Rf3 Ra1+ 50. Kg2 Ra2+ 51. Kf1 Ra1+ 52. Ke2 Ra2+ 53. Kd1 Bf4 54. Rd3 Rh2 55. Ke1 h3 56. Kf1 Be5 57. Rf3 Bf4 58. Ra3 Ka7 59. b6+ Kxb6 60. a7 Rc2 61. a8=Q Rc1+ 62. Ke2 Rc2+ 63. Kd3 Rd2+ 64. Kc3 h2 65. Qc6# 1-0


[Site "https://www.chess.com"]

[Event "Titled Tuesday Blitz February 14 Late 2023"]
[White "Le Goff, Ronan"]
[Black "Di Berardino, Diego Rafael"]
[WhiteFideId "612073"]
[BlackFideId "2105446"]
[WhiteElo "2320"]
[BlackElo "2479"]
[Result "1-0"]
[Round "05"]
[TimeControl "180+2"]
[Date "2023.02.14"]
[WhiteClock "0:01:05"]
[BlackClock "0:00:10"]

1. d4 Nf6 2. Nf3 d5 3. Bf4 c5 4. e3 Nc6 5. Nc3 a6 6. dxc5 e6 7. Na4 Bxc5 8. Nxc5 Qa5+ 9. c3 Qxc5 10. Bd3 O-O 11. O-O Re8 12. Ne5 Nxe5 13. Bxe5 b5 14. Bd4 Qe7 15. f4 Bb7 16. Rf3 Ne4 17. Bxe4 dxe4 18. Rh3 f6 19. Qh5 h6 20. Qg6 e5 21. fxe5 fxe5 22. Rxh6 Rf8 23. Qh7+ Kf7 24. Rf1+ Ke8 25. Rxf8+ Qxf8 26. Re6+ Kd7 27. Rxe5 Qf7 28. Rg5 Rg8 29. Rxg7 Rxg7 30. Qxg7 Qxg7 31. Bxg7 Bd5 32. a3 Ke6 33. g4 Bb3 34. Kf2 Bd1 35. Kg3 Kd5 36. b4 Ke6 37. Kf4 Bf3 38. h4 Kf7 39. Bd4 Ke6 40. h5 Kf7 41. Kf5 Kg8 42. h6 Kh7 43. g5 1-0


[Site "https://www.chess.com"]

[Event "Titled Tuesday Blitz February 14 Late 2023"]
[White "Slade, Theodore"]
[Black "Gubajdullin, Alexei"]
[WhiteFideId "426547"]
[BlackFideId "4141202"]
[WhiteElo "1995"]
[BlackElo "2285"]
[Result "0-1"]
[Round "05"]
[TimeControl "180+2"]
[Date "2023.02.14"]
[WhiteClock "0:00:17"]
[BlackClock "0:00:39"]

1. d4 f5 2. g3 Nf6 3. Bg2 g6 4. Nf3 Bg7 5. O-O O-O 6. c4 d6 7. Nc3 Qe8 8. d5 h6 9. Nd4 g5 10. e4 fxe4 11. Nxe4 Nxe4 12. Bxe4 Bh3 13. Bg2 Bxg2 14. Kxg2 Bxd4 15. Qxd4 Qg6 16. Bd2 Nd7 17. Rae1 Rf7 18. Bc3 Qh7 19. Re6 Ne5 20. Rxe5 dxe5 21. Qxe5 c6 22. Re1 Rd8 23. Qc7 Rdf8 24. Re2 e6 25. Qe5 exd5 26. cxd5 cxd5 27. Qxd5 Qf5 28. Qd4 Kh7 29. Kg1 Rd7 30. Qxa7 Rd1+ 31. Re1 Rxe1+ 32. Bxe1 Qe4 33. Bc3 Rd8 34. f3 Qxf3 35. Qf2 Rd1+ 36. Be1 Qxf2+ 37. Kxf2 Ra1 38. a3 Kg6 39. Bc3 Kf5 40. h4 gxh4 41. gxh4 h5 42. Kf3 Rg1 43. Bb4 Rh1 44. Be7 Rh3+ 45. Kg2 Rb3 46. Bb4 Rxb2+ 47. Kf3 Rb3+ 48. Kg2 Kg4 49. Be7 b5 50. Kf2 Rh3 51. Ke2 Rxh4 52. Bxh4 Kxh4 53. Kf3 Kg5 54. Kg3 Kf5 55. Kh4 Ke4 56. Kxh5 Kd3 57. Kg4 Kc3 0-1


[Site "https://www.chess.com"]

[Event "Titled Tuesday Blitz February 14 Late 2023"]
[White "Koellner, Ruben Gideon"]
[Black "Rangel, Daniel"]
[WhiteFideId "12993093"]
[BlackFideId "2124475"]
[WhiteElo "2426"]
[BlackElo "2207"]
[Result "0-1"]
[Round "05"]
[TimeControl "180+2"]
[Date "2023.02.14"]
[WhiteClock "0:00:02"]
[BlackClock "0:00:07"]

1. d4 Nf6 2. Nf3 g6 3. Nbd2 d5 4. e3 Bg7 5. b4 O-O 6. c4 c6 7. Bb2 a5 8. b5 Bg4 9. c5 Nfd7 10. Qc2 Bxf3 11. Nxf3 Qe8 12. Be2 e5 13. O-O Qe7 14. Rfe1 e4 15. Nd2 f5 16. bxc6 bxc6 17. Nf1 Qf6 18. Rab1 f4 19. Bg4 h5 20. Bxd7 Nxd7 21. Bc1 f3 22. Rb7 Qg5 23. Ng3 Nf6 24. gxf3 h4 25. f4 Qg4 26. h3 Qxh3 27. Nf1 Qg4+ 28. Kh2 Qf3 29. Qe2 Ng4+ 30. Kg1 Qh3 31. Bd2 g5 32. Reb1 gxf4 33. Rxg7+ Kxg7 34. exf4 Rg8 35. Rb3 Ne3 36. Rxe3 Kf7+ 37. Ng3 hxg3 38. fxg3 Rxg3+ 39. Rxg3 Qxg3+ 40. Kf1 Rg8 41. Qh5+ Qg6 42. Qh2 Qg4 43. Qh7+ Rg7 44. Qh2 Qd1+ 45. Be1 Qd3+ 46. Kf2 Qf3# 0-1


[Site "https://www.chess.com"]

[Event "Titled Tuesday Blitz February 14 Late 2023"]
[White "Fernandez Garcia, Gumersindo"]
[Black "Kalogeris, Ioannis"]
[WhiteFideId "24516740"]
[BlackFideId "4239563"]
[WhiteElo "2160"]
[BlackElo "2423"]
[Result "0-1"]
[Round "05"]
[TimeControl "180+2"]
[Date "2023.02.14"]
[WhiteClock "0:00:04"]
[BlackClock "0:00:22"]

1. e4 e5 2. Nf3 Nc6 3. d4 exd4 4. Bc4 Nf6 5. O-O Nxe4 6. Re1 d5 7. Bxd5 Qxd5 8. Nc3 Qd7 9. Nxe4 Be7 10. Nc5 Qd5 11. Nb3 Bg4 12. Bg5 f6 13. Bf4 O-O-O 14. h3 Bxf3 15. Qxf3 Qxf3 16. gxf3 Bb4 17. Re4 Rhe8 18. Rd1 Rxe4 19. fxe4 Bd6 20. Bxd6 Rxd6 21. Kg2 b6 22. a3 a5 23. f4 a4 24. Nc1 Na5 25. b3 c5 26. bxa4 Nc4 27. Kf3 Nxa3 28. e5 fxe5 29. fxe5 Re6 30. Ke4 Nxc2 31. Kd5 Kd7 32. Rg1 Ne3+ 33. Ke4 g6 34. Nd3 Kc6 35. Nf4 Re7 36. h4 Nc4 37. e6 Nd2+ 38. Kd3 Nf3 39. Rh1 Kd6 40. Ke4 Nd2+ 41. Kd3 Nf3 42. Ke4 Ne5 43. Rb1 Nc4 44. Kd3 Ne5+ 45. Ke4 Nd7 46. Rg1 Nf8 47. Rg5 Nxe6 48. Rd5+ Kc7 49. Re5 Kd7 50. Rd5+ Ke8 51. Nxe6 Rxe6+ 52. Kd3 Re3+ 53. Kd2 Ra3 54. Rd6 Rxa4 55. Rxb6 c4 56. Rd6 Ra2+ 57. Kd1 d3 58. Rd4 Rc2 59. h5 gxh5 60. Rh4 Ke7 61. Rxh5 Ke6 62. Rxh7 Kd5 63. Rd7+ Kc5 64. Rd8 Kb4 65. Ra8 Rh2 66. Kc1 Kc3 67. Ra3+ Kd4 68. Ra8 Rh1+ 69. Kb2 d2 70. Rd8+ Ke3 71. Re8+ Kf4 72. Rf8+ Kg5 73. Rg8+ Kf6 74. Rd8 d1=Q 75. Rxd1 Rxd1 76. Kc3 Rc1+ 0-1


[Site "https://www.chess.com"]

[Event "Titled Tuesday Blitz February 14 Late 2023"]
[White "Mazurkiewicz, Michal"]
[Black "Janaszak, Dawid"]
[WhiteFideId "1124943"]
[BlackFideId "1119206"]
[WhiteElo "2145"]
[BlackElo "2316"]
[Result "0-1"]
[Round "05"]
[TimeControl "180+2"]
[Date "2023.02.14"]
[WhiteClock "0:00:07"]
[BlackClock "0:00:10"]

1. e4 c5 2. Nf3 g6 3. g3 Bg7 4. Bg2 Nc6 5. O-O d6 6. d3 Nf6 7. Re1 O-O 8. e5 dxe5 9. Nxe5 Nxe5 10. Rxe5 Ng4 11. Re2 Ne5 12. Qe1 Nc6 13. c3 Qxd3 14. Be3 Bg4 15. Rd2 Qf5 16. Rd5 Qc2 17. Rd2 Qa4 18. Bxc5 Ne5 19. Qe3 Rac8 20. b3 Qb5 21. Bd4 Bf5 22. c4 Qa5 23. Nc3 Ng4 24. Qe1 e5 25. b4 Qxb4 26. Nd5 Qxc4 27. Bb2 Rfe8 28. Rc1 Qa4 29. Rxc8 Rxc8 30. h3 Re8 31. hxg4 Bxg4 32. Re2 Bxe2 33. Qxe2 Qxa2 34. Qb5 Rf8 35. Qxb7 Qb1+ 36. Kh2 a5 37. Ne7+ Kh8 38. Ba3 Qxb7 39. Bxb7 Rb8 40. Bd5 Bf8 41. Bd6 Rd8 42. Bxe5+ Bg7 43. Bxg7+ Kxg7 44. Ba2 a4 45. Nd5 a3 46. Kg2 Rb8 47. Nc3 Rb2 48. Kf3 Rc2 49. Bd5 Rxc3+ 50. Ke2 Rc2+ 51. Kd3 a2 52. Kxc2 a1=Q 53. Kd3 Qe5 54. Be4 h5 55. f4 Qd6+ 56. Ke3 Qa3+ 57. Bd3 f5 58. Kd4 Kf6 59. Ke3 Qa7+ 60. Ke2 Qg1 61. Kf3 h4 62. gxh4 Qh1+ 63. Kg3 Qe1+ 64. Kf3 Qxh4 65. Bc4 Qh3+ 66. Ke2 Qg3 0-1


[Site "https://www.chess.com"]

[Event "Titled Tuesday Blitz February 14 Late 2023"]
[White "Vlassov, Nikolai"]
[Black "Grot, Blazej"]
[WhiteFideId "4103360"]
[BlackFideId "21835845"]
[WhiteElo "2283"]
[BlackElo "1990"]
[Result "1-0"]
[Round "05"]
[TimeControl "180+2"]
[Date "2023.02.14"]
[WhiteClock "0:01:02"]
[BlackClock "0:01:09"]

1. e4 d6 2. f4 e5 3. Nf3 exf4 4. d4 Nf6 5. Nc3 Bg4 6. Bxf4 Be7 7. Bd3 Nbd7 8. h3 Bh5 9. Qe2 Bg6 10. O-O-O a6 11. g4 b5 12. h4 b4 13. Na4 h5 14. g5 Ng4 15. Kb1 O-O 16. Nd2 c5 17. Rdg1 f5 18. exf5 Bxf5 19. Bxf5 Rxf5 20. Qe6+ Kh8 21. Qxf5 Qa5 22. Qxd7 Rd8 23. Qxe7 Nf2 24. Rh2 b3 25. Rxf2 bxa2+ 26. Ka1 Qxa4 27. Qxd8+ Kh7 28. g6# 1-0


[Site "https://www.chess.com"]

[Event "Titled Tuesday Blitz February 14 Late 2023"]
[White "Marosi, Levente"]
[Black "Dzida, Kamil"]
[WhiteFideId "747181"]
[BlackFideId "21828652"]
[WhiteElo "2303"]
[BlackElo "2352"]
[Result "0-1"]
[Round "05"]
[TimeControl "180+2"]
[Date "2023.02.14"]
[WhiteClock "0:00:21"]
[BlackClock "0:00:31"]

1. e4 c5 2. Nf3 d6 3. d4 cxd4 4. Nxd4 Nf6 5. Nc3 a6 6. Bg5 e6 7. f4 Be7 8. Qf3 Qc7 9. O-O-O Nbd7 10. g4 Rb8 11. Bxf6 Bxf6 12. g5 Bxd4 13. Rxd4 b5 14. Bg2 b4 15. Ne2 O-O 16. Kb1 e5 17. Rd2 exf4 18. Nxf4 Ne5 19. Qg3 Bb7 20. Rhd1 Rfd8 21. h4 a5 22. h5 a4 23. h6 b3 24. hxg7 bxa2+ 25. Ka1 Nc4 26. Nh5 a3 27. b3 Nxd2 28. Rxd2 Qc5 29. Kxa2 Qe5 30. Qxe5 dxe5 31. Rd3 Rxd3 32. cxd3 Rd8 33. Bf1 Ba6 34. Kxa3 Bxd3 35. Bh3 Be2 36. Nf6+ Kxg7 37. Bf5 h6 38. Nd7 hxg5 39. Nxe5 Kf6 40. Nd7+ Ke7 41. Nc5 g4 42. b4 g3 43. Bh3 Bf3 44. b5 g2 45. Bxg2 Bxg2 46. b6 Rb8 47. b7 Bxe4 48. Nxe4 Rxb7 49. Ka4 Rd7 50. Nc5 Rd5 51. Kb5 Kd6 0-1


[Site "https://www.chess.com"]